Map: Triton LE

Players

LiquidMaNa (MaNa)

  • Race: Protoss Protoss
  • League: Grandmaster
  • Spawn Location: 11:00

goblin - Winner!

  • Race: Protoss Protoss
  • Spawn Location: 5:00

Event: NationWars 2019

VOD

Have the link to the VOD?

Description

Time

  • Played on: Nov. 17, 2019, 3:11 p.m.
  • Length: 7:24
Show
View Real Time Build Order
Export as new Build Order

LiquidMaNa Protoss 

Build Orders:  

Get SALT Encoding   

  12  0:00  Probe  
  13  0:12  Probe  
  14  0:19  Pylon  
  14  0:24  Probe  
  15  0:37  Probe (Chrono Boost)  
  15  0:40  Gateway  
  16  0:43  Assimilator  
  16  0:46  Probe (Chrono Boost)  
  17  0:51  Probe  
  17  0:55  Assimilator  
  18  1:04  Probe (Chrono Boost)  
  19  1:07  Gateway  
  19  1:13  Probe (Chrono Boost)  
  19  1:18  Probe (Chrono Boost)  
  21  1:27  Cybernetics Core  
  21  1:31  Pylon  
  21  1:34  Probe  
  22  1:46  Probe  
  23  1:58  Probe  
  24  2:04  Stalker  
  24  2:05  Sentry, Warp Gate  
  28  2:10  Probe  
  28  2:12  Pylon  
  29  2:34  Nexus  
  29  2:37  Sentry  
  31  2:44  Robotics Facility  
  31  2:53  Stalker  
  33  3:00  Shield Battery  
  33  3:06  Stalker  
  34  3:14  Pylon  
  34  3:29  Immortal (Chrono Boost)  
  38  3:37  Shield Battery  
  38  3:50  Probe  
  40  3:57  Warp Prism (Chrono Boost)  
  41  4:08  Adept  
  41  4:09  Adept  
  45  4:18  Shield Battery  
  45  4:30  Immortal (Chrono Boost)  
  47  4:42  Adept  
  47  4:50  Adept  
  45  5:02  Immortal (Chrono Boost)  
  47  5:14  Adept x2  
  42  5:32  Immortal (Chrono Boost)  
  44  5:40  Adept  
  39  5:52  Adept  
  41  6:01  Immortal  
  45  6:08  Adept  
  37  6:35  Adept  
  36  6:48  Immortal (Chrono Boost)  
Show
View Real Time Build Order
Export as new Build Order

goblin Protoss - Winner!

Build Orders:  

Get SALT Encoding   

  12  0:00  Probe  
  13  0:12  Probe  
  14  0:17  Pylon  
  14  0:24  Probe (Chrono Boost)  
  15  0:36  Probe (Chrono Boost)  
  15  0:37  Gateway  
  16  0:45  Probe (Chrono Boost)  
  16  0:46  Assimilator  
  17  0:51  Probe  
  17  0:54  Assimilator  
  18  1:03  Probe (Chrono Boost)  
  19  1:08  Gateway  
  19  1:13  Probe (Chrono Boost)  
  20  1:19  Probe (Chrono Boost)  
  20  1:24  Cybernetics Core  
  21  1:30  Probe  
  22  1:36  Pylon  
  22  1:42  Probe  
  22  1:46  Pylon  
  23  2:01  Stalker  
  23  2:02  Stalker  
  23  2:05  Warp Gate  
  27  2:17  Robotics Facility  
  27  2:22  Probe  
  28  2:32  Adept x2  
  32  2:44  Shield Battery  
  32  2:47  Shield Battery  
  32  3:00  Pylon  
  32  3:03  Immortal (Chrono Boost)  
  36  3:31  Warp Prism (Chrono Boost)  
  38  3:39  Pylon  
  38  3:54  Gateway  
  38  3:55  Sentry x2  
  42  3:59  Immortal (Chrono Boost)  
  46  4:25  Stalker, Adept  
  50  4:36  Immortal  
  50  4:49  Adept  
  50  4:50  Adept, Sentry  
  46  5:16  Observer  
  46  5:18  Adept x3  
  53  5:22  Pylon  
  43  5:43  Immortal (Chrono Boost)  
  47  5:53  Adept x2  
  47  5:55  Adept  
  51  6:16  Adept x3  
  45  6:42  Zealot x3  
  47  6:47  Immortal (Chrono Boost)  
  41  7:02  Adept x2  
Tags
 
Add a new tag
Caveats
  • Supply blocks, unpowered buildings, or Contaminate may cause inaccurate times.
  • Supply counts are checked every 10 seconds.